 Dungeon Crawl Stone Soup version 0.28.0-1-gb440e238dd (webtiles) character file.

Game seed: 11195930701750550174

380 croobank the Firebug (level 6, -11/44 HPs)
             Began as a Gnoll Fire Elementalist on Feb 28, 2022.
             Mangled by an ogre (25 damage)
             ... on level 4 of the Dungeon.
             The game lasted 00:10:31 (4222 turns).

croobank the Firebug (Gnoll Fire Elementalist)      Turns: 4222, Time: 00:10:32

Health: -11/44     AC:  4    Str:  8    XL:     6   Next: 75%
Magic:  10/14      EV: 13    Int: 16    God:
Gold:   174        SH:  0    Dex: 12    Spells: 12/15 levels left

rFire   . . .      SeeInvis .   r - +7 whip "Vofyv" {flame, +Blink}
rCold   . . .      Faith    .   (no shield)
rNeg    . . .      Spirit   .   a - +0 robe
rPois   .          Reflect  .   s - +1 helmet
rElec   .          Harm     .   (no cloak)
rCorr   .          Rampage  .   (no gloves)
Will    .....                   (no boots)
Stlth   +++.......              (no amulet)
HPRegen 0.14/turn               (no ring)
MPRegen 0.14/turn               (no ring)

@: no status effects
A: fangs 1, strong nose, distributed training
a: Evoke Blink


You were on level 4 of the Dungeon.
You visited 1 branch of the dungeon, and saw 4 of its levels.

You collected 174 gold pieces.

Inventory:

Hand Weapons
 i - a +4 short sword
 k - a +0 spear of freezing
 r - the +7 whip "Vofyv" (weapon) {flame, +Blink}
   (You found it on level 3 of the Dungeon)

   It burns those it strikes, dealing additional fire damage.
   +Blink:    It lets you blink.
 w - a +1 short sword of freezing
Missiles
 d - 49 stones
 f - 22 sling bullets
 n - 5 poisoned darts
 t - 7 boomerangs (quivered)
Armour
 a - a +0 robe (worn)
 b - a +0 ring mail
 j - a +0 scale mail
 s - a +1 helmet (worn)
Scrolls
 e - a scroll of teleportation
 h - a scroll of fear
 v - a scroll of vulnerability {unknown}
Potions
 c - 2 potions of attraction {unknown}
 g - a potion of resistance {unknown}
 l - a potion of berserk rage {unknown}
 m - a potion of heal wounds {unknown}
 o - a potion of brilliance {unknown}
 p - a potion of lignification {unknown}
 q - 5 potions of curing


   Skills:
 + Level 2.1 Fighting
 + Level 2.1 Short Blades
 + Level 2.1 Long Blades
 + Level 2.1 Axes
 + Level 2.1 Maces & Flails
 + Level 2.1 Polearms
 + Level 2.1 Staves
 + Level 2.1 Slings
 + Level 2.1 Bows
 + Level 2.1 Crossbows
 + Level 2.1 Throwing
 + Level 2.1 Armour
 + Level 5.0 Dodging
 + Level 4.7 Stealth
 + Level 2.1 Shields
 + Level 2.1 Unarmed Combat
 + Level 5.4 Spellcasting
 + Level 2.7 Conjurations
 + Level 1.6 Hexes
 + Level 1.6 Summonings
 + Level 1.6 Necromancy
 + Level 1.6 Translocations
 + Level 1.6 Transmutations
 + Level 5.7 Fire Magic
 + Level 1.6 Ice Magic
 + Level 1.6 Air Magic
 + Level 1.6 Earth Magic
 + Level 1.6 Poison Magic
 + Level 2.3 Invocations
 + Level 2.1 Evocations


You had 12 spell levels left.
You knew the following spells:

 Your Spells              Type           Power      Damage    Failure   Level
a - Foxfire               Conj/Fire      68%        2x1d7     2%          1
b - Scorch                Fire           44%        2d7       1%          2

Your spell library contained the following spells:

 Spells                   Type           Power      Damage    Failure   Level
 Animate Skeleton         Necr           18%        N/A       8%          1
 Pain                     Necr           36%        1d5       8%          1
 Summon Small Mammal      Summ           36%        N/A       8%          1
 Conjure Flame            Conj/Fire      17%        6-21      8%          3
 Inner Flame              Hex/Fire       16%        N/A       10%         3
 Call Canine Familiar     Summ           9%         N/A       22%         3
 Summon Guardian Golem    Hex/Summ       9%         N/A       22%         3
 Vampiric Draining        Necr           9%         2d6       22%         3
 Flame Wave               Conj/Fire      17%        2d6       26%         4


Dungeon Overview and Level Annotations

Branches:
Dungeon (4/15)
 Temple: D:4-7

Altars:
Beogh

Annotations:
D:3 3 runed translucent doors, zeram's ghost, amateur GnFi


Innate Abilities, Weirdness & Mutations

You have very sharp teeth.
Your uncanny sense of smell can sniff out nearby items.
Your experience applies equally to all skills.


Message History

The gnoll is wielding a +0 flail of venom.
The black bear growls angrily.
The ogre shouts!
The endoplasm quivers.
The gnoll shouts!
You hear a shout!
Casting: Foxfire (safe; 2% risk of failure)
Confirm with . or Enter, or press ? or * to list all spells.
Flames lash the black bear.
The black bear is moderately wounded.
The black bear's fire resistance burns away.
Something unseen opens the door.
There is an open door here.
An ufetubus comes into view.
The ufetubus moves out of view.
Casting: Scorch (safe; 1% risk of failure)
Confirm with . or Enter, or press ? or * to list all spells.
Flames lash the black bear.
The black bear is burned terribly!
The black bear is severely wounded.
The endoplasm closely misses you.
Casting: Scorch (safe; 1% risk of failure)
Confirm with . or Enter, or press ? or * to list all spells.
Flames lash the endoplasm.
You kill the endoplasm!
The ufetubus shouts!
You whack the ogre! You burn the ogre.
The ogre is moderately wounded.
The ogre barely misses you.
You hit the ogre. You burn the ogre.
The ogre is heavily wounded.
The ogre hits you with a +0 giant club.
A hobgoblin comes into view.
You whack the ogre! You burn the ogre. You bite the ogre, but do no damage.
The ogre is almost dead.
The ogre hits you with a +0 giant club!!
Ouch! That really hurt!
* * * LOW HITPOINT WARNING * * *
The black bear is no longer more vulnerable to fire.
You see here a scorpion corpse.
The ogre hits you with a +0 giant club!!
Ouch! That really hurt!
You die...

#gg.# ### .............. #..
.........).... #.#
.............. ∆ #.#
.............. ######## #.#
..............
<......#########.#
..............
######...........#
.............. ##########.@#
##O.## #########h†..#
#........5...#
#.....J......# ###########
#...g.....^..###.........#
###.#####......+.........#
#.# #....###.........#
#####'######...............#


You could see a black bear, an ogre, a gnoll, an ufetubus and an endoplasm.

Vanquished Creatures
  A sky beast (D:4)
  A scorpion (D:4)
  Natasha (thrice) (D:3)
  2 gnolls
  6 adders
  A worm (D:3)
  2 dart slugs
  5 orcs
  3 ball pythons
  4 bats
  5 endoplasms
  4 hobgoblins
  4 jackals (D:3)
  3 quokkas (D:3)
  2 frilled lizards (D:1)
  4 kobolds
  26 rats
  A spectral hobgoblin (D:1)
77 creatures vanquished.

Vanquished Creatures (others)
  108 foxfires
108 creatures vanquished.

Grand Total: 185 creatures vanquished

Notes
Turn   | Place    | Note
-------+----------+-------------------------------------------
     0 | D:1      | croobank the Gnoll Fire Elementalist began the quest for
                  | the Orb.
     0 | D:1      | Reached XP level 1. HP: 13/13 MP: 6/6
   273 | D:1      | Found a faded altar of an unknown god.
   278 | D:1      | Reached XP level 2. HP: 19/19 MP: 3/7
   281 | D:1      | Learned a level 2 spell: Scorch
   859 | D:2      | Reached skill level 5 in Spellcasting
   859 | D:2      | Reached XP level 3. HP: 25/25 MP: 4/9
  1261 | D:2      | Reached skill level 1 in Invocations
  1528 | D:2      | Reached skill level 1 in Fighting
  1528 | D:2      | Reached skill level 1 in Short Blades
  1528 | D:2      | Reached skill level 1 in Long Blades
  1528 | D:2      | Reached skill level 1 in Axes
  1528 | D:2      | Reached skill level 1 in Maces & Flails
  1528 | D:2      | Reached skill level 1 in Polearms
  1528 | D:2      | Reached skill level 1 in Staves
  1528 | D:2      | Reached skill level 1 in Slings
  1528 | D:2      | Reached skill level 1 in Bows
  1528 | D:2      | Reached skill level 1 in Crossbows
  1528 | D:2      | Reached skill level 1 in Throwing
  1528 | D:2      | Reached skill level 1 in Armour
  1528 | D:2      | Reached skill level 1 in Shields
  1528 | D:2      | Reached skill level 1 in Unarmed Combat
  1528 | D:2      | Reached skill level 1 in Evocations
  1859 | D:3      | Reached XP level 4. HP: 32/32 MP: 9/11
  2341 | D:3      | Identified the +7 whip "Vofyv" {flame, +Blink}
  2380 | D:3      | Found a runed translucent gate.
  2380 | D:3      | Found a runed translucent gate.
  2380 | D:3      | Noticed zeram's ghost (amateur GnFi)
  2381 | D:3      | Found a runed translucent gate.
  2384 | D:3      | Identified the +11 hand axe "Ebaetseo" {holy, rPois rF+++
                  | Int+4 Stlth-}
  2526 | D:3      | Noticed Natasha
  2537 | D:3      | Killed Natasha
  2538 | D:3      | Reached skill level 1 in Hexes
  2538 | D:3      | Reached skill level 1 in Summonings
  2538 | D:3      | Reached skill level 1 in Necromancy
  2538 | D:3      | Reached skill level 1 in Translocations
  2538 | D:3      | Reached skill level 1 in Transmutations
  2538 | D:3      | Reached skill level 1 in Ice Magic
  2538 | D:3      | Reached skill level 1 in Air Magic
  2538 | D:3      | Reached skill level 1 in Earth Magic
  2538 | D:3      | Reached skill level 1 in Poison Magic
  2752 | D:3      | Reached XP level 5. HP: 37/37 MP: 5/12
  3226 | D:3      | Noticed Natasha
  3240 | D:3      | Killed Natasha
  3509 | D:3      | Noticed Natasha
  3515 | D:3      | Killed Natasha
  3936 | D:4      | Noticed a sky beast
  3941 | D:4      | Killed a sky beast
  3942 | D:4      | Reached skill level 5 in Dodging
  3942 | D:4      | Reached XP level 6. HP: 37/44 MP: 5/14
  4202 | D:4      | Noticed a black bear
  4222 | D:4      | Mangled by an ogre

Illustrated notes

Levels and vault maps discovered:
D:1:      sevenhm_arrival_forest_fort_small_4, layout_loops_ring,
          dreamdust_ecumenical_altar_drowned_temple
D:2:      layout_basic, nicolae_concentric_dashed_squares_mild
D:3:      layout_basic, biasface_ghost_orc_armoury, minmay_rat_hole,
          uniq_natasha
D:4:      minmay_chambers_of_threes, layout_basic, serial_shops,
          nicolae_diamond_shop

Skill      XL: |  1  2  3  4  5 |
---------------+----------------+-----
Conjurations   | 2 |  2.7
Spellcasting   | 5 |  5.4
Invocations    | 1 2 |  2.3
Fighting       | 1 2 |  2.1
Short Blades   | 1 2 |  2.1
Long Blades    | 1 2 |  2.1
Axes           | 1 2 |  2.1
Maces & Flails | 1 2 |  2.1
Polearms       | 1 2 |  2.1
Staves         | 1 2 |  2.1
Slings         | 1 2 |  2.1
Bows           | 1 2 |  2.1
Crossbows      | 1 2 |  2.1
Throwing       | 1 2 |  2.1
Armour         | 1 2 |  2.1
Shields        | 1 2 |  2.1
Unarmed Combat | 1 2 |  2.1
Evocations     | 1 2 |  2.1
Hexes          | 1 |  1.6
Summonings     | 1 |  1.6
Necromancy     | 1 |  1.6
Translocations | 1 |  1.6
Transmutations | 1 |  1.6
Ice Magic      | 1 |  1.6
Air Magic      | 1 |  1.6
Earth Magic    | 1 |  1.6
Poison Magic   | 1 |  1.6
Dodging        | 5 |  5.0
Stealth        | |  4.7
Fire Magic     | |  5.7

Action                   |  1- 3 |  4- 6 || total
-------------------------+-------+-------++-------
Melee: Short sword       |     1 |    28 ||    29
       Whip              |       |    25 ||    25
       Bite              |       |     6 ||     6
 Cast: Foxfire           |    40 |    28 ||    68
       Scorch            |     3 |    34 ||    37
  Use: Scroll            |     4 |     1 ||     5
 Stab: Sleeping          |       |     4 ||     4
Armor: Robe              |     2 |     7 ||     9
Dodge: Dodged            |     4 |    43 ||    47
